[Event "MČR 2022 rapid"]
[Site "Turnov, Czech Republic"]
[Date "2022.09.11"]
[Round "1.1"]
[White "Vltavský, Vladimír"]
[Black "Jansa, Vlastimil"]
[Result "0-1"]
[TimeControl "2x 15 min + 5s/move"]
[WhiteElo "2102"]
[BlackElo "2452"]

1. d4 d6 2. e4 Nf6 3. Nc3 g6 4. Nf3 Bg7 5. h3 O-O 6. Be3 b6 7. Be2 Bb7 8. Nd2 c5 9. d5 e6 10. Bf3 exd5 11. exd5 Nbd7 12. Nc4 Qe7 13. O-O Ba6 14. Be2 Bxc4 15. Bxc4 a6 16. Re1 b5 17. Bf1 Qd8 18. g3 Nb6 19. Bg2 Nc4 20.
Bc1 Qd7 21. Rb1 Rfe8 22. Ne2 Re7 23. b3 Nb6 24. Bg5 h6 25. Be3 Rae8 26. Qd2 Kh7 27. Nf4 g5 28. Ne2 Qf5 29. Qa5 Nbxd5 30. Qxa6 Nxe3 31. fxe3 Rxe3 32. Qxb5 Qe5 33. Bf1 Ne4 0-1

[Event "MČR 2022 rapid"]
[Site "Turnov, Czech Republic"]
[Date "2022.09.11"]
[Round "1.2"]
[White "Červený, Martin"]
[Black "Zima, Jan"]
[Result "1/2-1/2"]
[TimeControl "2x 15 min + 5s/move"]
[WhiteElo "2413"]
[BlackElo "2082"]

1. d4 Nf6 2. Nf3 g6 3. g3 Bg7 4. Bg2 O-O 5.
O-O d5 6. c4 dxc4 7. Na3 c5 8. dxc5 Qc7 9. Nxc4 Qxc5 10. b3 Nc6 11. Bb2 Rd8 12. Qc1 Qh5 13. Qg5 Qxg5 14. Nxg5 Bg4 15. Nf3 Rac8 16. Rfd1 h6 17. Rxd8+ Rxd8 18. Rc1 Rc8 19. h3 Be6 20. Ba3 Nd5 21. Bb2 Bxb2 22. Nxb2 Ncb4 23. Rxc8+ Bxc8 24. Nd4 Nc3 25. a3 e5 26. axb4 exd4 27. Kf1 b5 28. Nd3 Be6 29. Ne5 Bxb3 30. Nc6 Bc4 31. Nxd4 Kf8 32. Ke1 Ke7 33. Kd2 Na2 34. Nc6+ Kd6 35. Nxa7 Nxb4 36. f4 Kc5 37. e4 Nc6 38.
Nxc6 Kxc6 39. e5+ Kc5 40. h4 b4 41. Bf3 Kd4 42. h5 Kxe5 1/2-1/2

[Event "MČR 2022 rapid"]
[Site "Turnov, Czech Republic"]
[Date "2022.09.11"]
[Round "1.3"]
[White "Brouček, Tomáš"]
[Black "Baláček, Tadeáš"]
[Result "0-1"]
[TimeControl "2x 15 min + 5s/move"]
[WhiteElo "1953"]
[BlackElo "2247"]

1. c4 e5 2. g3 Nf6 3. Bg2 d5 4. cxd5 Nxd5 5. Nc3 Nb6 6. Nf3 Nc6 7. O-O Be7 8. a3 O-O 9. b4 Re8 10. b5 Nd4 11. d3 Bf8 12. Bb2 a6 13. a4 axb5 14. axb5 Rxa1 15. Bxa1 Bg4 16. Nxd4 exd4 17. Ne4 h6 18. h3 Be6 19. Qc2 Bd5 20.
g4 Qd7 21. f4 c6 22. f5 cxb5 23.
f6 g6 24. Nc5 Bxc5 25. Qxc5 Bxg2 26. Kxg2 Rxe2+ 27. Rf2 Qc6+ 28. Qxc6 Rxf2+ 29. Kxf2 bxc6 30. Bxd4 Nd5 31. h4 Kf8 32.
Ke2 Ke8 33. Kd2 Kd7 34. h5 gxh5 35. gxh5 Ke6 36. Bc5 Kxf6 37. Kc2 Ke5 0-1

[Event "MČR 2022 rapid"]
[Site "Turnov, Czech Republic"]
[Date "2022.09.11"]
[Round "1.4"]
[White "Priehoda, Vítězslav"]
[Black "Tománek, Petr"]
[Result "1-0"]
[TimeControl "2x 15 min + 5s/move"]
[WhiteElo "2292"]
[BlackElo "1969"]

1. c4 e6 2. d4 Nf6 3. Nf3 d5 4. g3 c6 5. Nbd2 Nbd7 6. Bg2 Bd6 7.
O-O O-O 8. Qc2 Re8 9. b3 dxc4 10.
Nxc4 Bc7 11. Bb2 Nf8 12. e4 Ng6 13. Rad1 a5 14. a3 Qe7 15. Rfe1 c5 16. d5 exd5 17.
exd5 Qf8 18. d6 Rxe1+ 19. Nxe1 Bd8 20.
Bxf6 b5 21. Bxa8 Bxf6 22. Ne3 Bd4 23. Bg2 Qxd6 24. Nf3 Ne5 25. Nxd4 1-0

[Event "MČR 2022 rapid"]
[Site "Turnov, Czech Republic"]
[Date "2022.09.11"]
[Round "1.5"]
[White "Štoček, Jiří"]
[Black "Buchcar, Tomáš"]
[Result "1/2-1/2"]
[TimeControl "2x 15 min + 5s/move"]
[WhiteElo "2521"]
[BlackElo "2076"]

1. e4 c6 2. d4 d5 3. e5 Bf5 4.
Nc3 e6 5. g4 Bg6 6. Nge2 h5 7. Nf4 Bh7 8. Nxh5 c5 9. dxc5 Nc6 10. Bf4 Qa5 11. Bb5 O-O-O 12. a3 d4 13. b4 Nxb4 14. axb4 Qxb4 15. Rxa7 Qxc3+ 16. Qd2 Bxc5 17.
Ra8+ Kc7 18. Rxd8 Kxd8 19. Qxc3 dxc3 20. Ke2 Ne7 21. Bg5 Kc7 22. Bxe7 Bxe7 23. Rd1 Bxc2 24. Rc1 Be4 25. Rxc3+ Kb6 26. Bd3 Bd5 27. Nf4 Bc6 28.
Rb3+ Kc5 29. h3 g5 30. Nh5 Kd4 31. Bb5 Bd5 32. Re3 Ra8 33. Nf6 Ra2+ 34. Kf1 Ra1+ 35. Ke2 Ra2+ 1/2-1/2

[Event "MČR 2022 rapid"]
[Site "Turnov, Czech Republic"]
[Date "2022.09.11"]
[Round "1.6"]
[White "Babička, Michal"]
[Black "Petr, Martin"]
[Result "0-1"]
[TimeControl "2x 15 min + 5s/move"]
[WhiteElo "2009"]
[BlackElo "2506"]

1. e4 d5 2. exd5 Qxd5 3.
Nc3 Qa5 4. Bc4 Nf6 5. Nf3 Bf5 6. O-O e6 7. d4 Bb4 8. Ne2 c6 9. c3 Bd6 10.
Bf4 Bxf4 11. Nxf4 Nbd7 12. Bd3 Bxd3 13. Nxd3 O-O 14. Re1 Rad8 15. b4 Qc7 16. a4 a5 17. Qb3 Ra8 18. b5 c5 19. Qc4 Rfc8 20. Nfe5 cxd4 21.
Qxc7 Rxc7 22. cxd4 Rac8 23. Rac1 Kf8 24. h3 Ke7 25. Kf1 Nd5 26. Nxd7 Rxc1 27.
Rxc1 Rxc1+ 28. Nxc1 Kxd7 29. Nd3 Nc3 30. Nb2 Kd6 31.
Nc4+ Kd5 32. Nxa5 b6 33. Nc6 Nxa4 34. Ke2 Nc3+ 35. Kd3 Nxb5 36. Nb4+ Kd6 37. f4 Nc7 38. g3 Nd5 39. Nc2 b5 40. Ne1 Kc6 41. Nf3 f6 42. Nd2 Ne7 43. Nb3 Kd5 44. g4 Ng6 45. Ke3 Kc4 46. Na5+ Kc3 47. Nc6 b4 48. f5 exf5 49. gxf5 Nf8 50. Na5 b3 51. Nxb3 Kxb3 52. Ke4 Kc4 53. Ke5 Kxd4+ 0-1

[Event "MČR 2022 rapid"]
[Site "Turnov, Czech Republic"]
[Date "2022.09.11"]
[Round "1.7"]
[White "Neuman, Petr"]
[Black "Janda, Zdeněk"]
[Result "1-0"]
[TimeControl "2x 15 min + 5s/move"]
[WhiteElo "2416"]
[BlackElo "2004"]

1. d4 d5 2. c4 c6 3. Nc3 Bf5 4. Qb3 b6 5. cxd5 cxd5 6. Qxd5 Qxd5 7. Nxd5 Kd8 8. Nc3 Nc6 9. e4 Bg6 10. Be3 e6 11. f3 Nf6 12. Bb5 Rc8 13. Nge2 Nb4 14. Kd2 a6 15. Ba4 b5 16. Bb3 Nc6 17. Rhd1 Bb4 18. Ke1 Na5 19.
Kf2 Ke7 20. Rac1 Rhd8 21. Nf4 Nc4 22.
Bxc4 Rxc4 23. Nce2 Rdc8 24. Rxc4 bxc4 25. g4 Nd7 26. Rc1 Nb6 27. h4 f6 28.
d5 Na4 29. b3 Nb2 30. bxc4 Rxc4 31. Rxc4 Nxc4 32. Nxe6 Nxe3 33. Kxe3 Be8 34. Nxg7 Bc5+ 35. Nd4 Ba4 36. Ngf5+ Kf7 37. f4 Bb5 38. e5 Bc4 39. e6+ Kf8 40. Ke4 Bxa2 41. d6 a5 42. d7 Bb6 43. e7+ 1-0

[Event "MČR 2022 rapid"]
[Site "Turnov, Czech Republic"]
[Date "2022.09.11"]
[Round "1.8"]
[White "Papay, Jindřich"]
[Black "Klement, Lukáš"]
[Result "1-0"]
[TimeControl "2x 15 min + 5s/move"]
[WhiteElo "1926"]
[BlackElo "2264"]

1. f4 Nf6 2. Nf3 g6 3. g3 Bg7 4. Bg2 O-O 5. d3 d5 6.
O-O c5 7. c3 Nc6 8. Qc2 d4 9. e4 e5 10. Na3 Bg4 11. h3 Bxf3 12. Rxf3 exf4 13. gxf4 a6 14. c4 Ne8 15. Qe2 Nc7 16. Nc2 Re8 17. Bd2 b5 18. b3 bxc4 19. bxc4 Rb8 20. Bc1 a5 21. Ba3 Nb4 22. Nxb4 cxb4 23. Bb2 Na6 24. f5 Bh6 25. Raf1 Qg5 26.
Bc1 Qh5 27. Bxh6 Qxh6 28. fxg6 fxg6 29. e5 Qg5 30. e6 Nc5 31. Qf2 Nxe6 32. Rg3 Qe7 33. Bd5 Kh8 34. Re1 Qd7 35. Rxe6 Rxe6 36. Qxd4+ Kg8 37. Re3 Qg7 38. Bxe6+ Kh8 39. Qxg7+ Kxg7 40. c5 Rb5 41.
d4 a4 42. c6 b3 43. axb3 a3 44. b4 Rb6 45. b5 Rxb5 46. c7 Rb1+ 47. Kf2 a2 48. Bxa2 Rb2+ 49. Re2 1-0

[Event "MČR 2022 rapid"]
[Site "Turnov, Czech Republic"]
[Date "2022.09.11"]
[Round "2.1"]
[White "Plát, Vojtěch"]
[Black "Zeman, Matyáš"]
[Result "1/2-1/2"]
[TimeControl "2x 15 min + 5s/move"]
[WhiteElo "2563"]
[BlackElo "2292"]

1. e4 c6 2. Nf3 d5 3. d3 dxe4 4. dxe4 Qxd1+ 5. Kxd1 Nf6 6. Nbd2 Bg4 7. Be2 Nbd7 8. Ne1 Bxe2+ 9. Kxe2 Nb6 10. a4 a5 11. Nd3 Nfd7 12. b3 e5 13. Bb2 f6 14. Nf3 Nc5 15. Nxc5 Bxc5 16. Rhd1 Ke7 17.
Ne1 Rhd8 18. Nd3 Bd6 19. Rd2 Nd7 20. Rad1 Nc5 21. Nxc5 Bxc5 22. Rxd8 Rxd8 23. Rxd8 Kxd8 24. Bc3 Bb6 25. f3 Kd7 26. Kd3 c5 27. g3 Bc7 28. Bd2 Kc6 29. Kc4 b6 30. c3 g6 31. g4 Bd8 32. b4 g5 33. Be3 Be7 34. bxa5 bxa5 35. Bf2 h6 36. h4 Bf8 37. Kd3 Be7 38. Be1 Bf8 39. Ke2 c4 40. Bf2 Bc5 41. Bxc5 1/2-1/2

[Event "MČR 2022 rapid"]
[Site "Turnov, Czech Republic"]
[Date "2022.09.11"]
[Round "2.2"]
[White "Pýchová, Nela"]
[Black "Jansa, Vlastimil"]
[Result "1/2-1/2"]
[TimeControl "2x 15 min + 5s/move"]
[WhiteElo "2159"]
[BlackElo "2452"]

1. c4 g6 2. Nc3 c5 3. g3 Bg7 4. Bg2 Nc6 5. Nf3 e5 6.
O-O d6 7. Ne1 Be6 8. d3 Nge7 9.
Nc2 d5 10. cxd5 Nxd5 11. Ne3 Nde7 12.
Rb1 O-O 13. a3 a5 14. Bd2 Rb8 15. Ne4 b6 16. b4 axb4 17. axb4 cxb4 18. Bxb4 Nxb4 19. Rxb4 Nd5 20. Nxd5 Bxd5 21. Nd2 Bxg2 22. Kxg2 Qd5+ 23. Nf3 Rfc8 24. Qb1 b5 25. Kg1 Bf8 26. Rb3 Rc6 27.
Nd2 b4 28. Nc4 e4 29. Ne3 Qb5 30. dxe4 Qxe2 31. Nd5 Re6 32. Re1 Qc4 33. Nf4 Rc6 34. Nd5 Qd4 35. Rd1 Qe5 36. Rf3 Rb7 37. h4 h5 38. Kg2 Kg7 39. Nf4 b3 40. Rxb3 Rxb3 41.
Qxb3 Qxe4+ 42. Qf3 Qxf3+ 43. Kxf3 Rc2 44. Re1 Bc5 45. Re2 Rc3+ 46. Kg2 Ra3 47.
Rc2 Bd6 48. Nd5 Rd3 49. Ne3 f5 50. Rc6 f4 51. gxf4 Bxf4 52. Nf1 Be5 53. Rc4 Kf6 54. Ng3 Ke6 55. Rc6+ Kf7 56. Rc4 1/2-1/2

[Event "MČR 2022 rapid"]
[Site "Turnov, Czech Republic"]
[Date "2022.09.11"]
[Round "2.3"]
[White "Červený, Martin"]
[Black "Skácelík, Petr"]
[Result "1-0"]
[TimeControl "2x 15 min + 5s/move"]
[WhiteElo "2413"]
[BlackElo "2128"]

1. d4 Nf6 2. c4 e6 3. Nf3 b6 4. g3 Ba6 5. Qa4 Bb7 6. Bg2 c5 7. dxc5 Bxc5 8. O-O O-O 9.
Nc3 Na6 10. a3 Be7 11. Bf4 Nc5 12. Qd1 Nce4 13. Nxe4 Bxe4 14. Bd6 Rc8 15. Rc1 Bxd6 16. Qxd6 Qc7 17. Qd2 Rfd8 18. Rc3 Qb7 19. Rfc1 h6 20. Qd6 Rc6 21. Qf4 Rcc8 22. Qd6 Rc6 23. Qd4 Rcc8 24. b4 d6 25. h3 Kf8 26. Ne1 Bxg2 27. Nxg2 Kg8 28. g4 1-0

[Event "MČR 2022 rapid"]
[Site "Turnov, Czech Republic"]
[Date "2022.09.11"]
[Round "2.4"]
[White "Kredl, Karel"]
[Black "Baláček, Tadeáš"]
[Result "0-1"]
[TimeControl "2x 15 min + 5s/move"]
[WhiteElo "2134"]
[BlackElo "2247"]

1. Nf3 d5 2. d4 Nf6 3. g3 c6 4.
Bg2 Bf5 5. O-O h6 6. c4 e6 7.
Nc3 Nbd7 8. cxd5 exd5 9. Bf4 Be7 10. Re1 O-O 11. Ne5 Bh7 12. Qd2 Re8 13. Rad1 Bf8 14. f3 g5 15. Nxd7 Nxd7 16. Be3 Nb6 17. b3 Bb4 18.
Bf2 f5 19. Qc1 Qe7 20. e4 fxe4 21. fxe4 Bxc3 22. Qxc3 Bxe4 23. a4 a5 24. Re2 Qb4 25. Qxb4 axb4 26. Ra2 Nd7 27. Be1 Bxg2 28. Kxg2 Re3 29. Rb1 Rae8 30. Bxb4 Re2+ 31. Rxe2 Rxe2+ 32. Kg1 Nf6 33.
Rf1 Kg7 34. Bf8+ Kg6 35. Bxh6 Ng4 36. Bf8 Nxh2 37. Rf2 Rxf2 38. Kxf2 Kf5 39. Bc5 Ke4 40. b4 Nf3 41. Be7 g4 42. a5 Nxd4 43.
Bc5 Kd3 44. Ke1 Nc2+ 45. Kd1 Ne3+ 46. Kc1 d4 47. Bd6 Nd5 48. Kb2 Kc4 49. Be5 Nxb4 0-1

[Event "MČR 2022 rapid"]
[Site "Turnov, Czech Republic"]
[Date "2022.09.11"]
[Round "2.5"]
[White "Civín, Tomáš"]
[Black "Štoček, Jiří"]
[Result "0-1"]
[TimeControl "2x 15 min + 5s/move"]
[WhiteElo "2394"]
[BlackElo "2521"]

1. d4 Nf6 2. c4 e6 3. g3 c5 4.
d5 exd5 5. cxd5 b5 6. a4 b4 7. Nd2 g6 8. Nc4 Ba6 9. Qd3 d6 10. Bf4 Be7 11.
Bg2 O-O 12. Nf3 Bxc4 13. Qxc4 Nbd7 14. a5 Nh5 15. O-O Re8 16. b3 Rb8 17. Ra2 Nxf4 18. gxf4 Bf6 19. e3 Bc3 20. Ng5 Nf6 21. Kh1 Qe7 22. Re2 a6 23. Qxa6 Ra8 24.
Qc4 Rxa5 25. f3 Qb7 26. Rd1 Qa8 27. h4 Ra1 28. Rxa1 Qxa1+ 29. Kh2 Qd1 30. e4 h6 31. Nh3 Be1 32. Nf2 Bxf2 33. Rxf2 Nh5 34. e5 dxe5 35. fxe5 Rxe5 36. Qxc5 Rxd5 37. Qxb4 Rd4 38. Qb8+ Rd8 39. Qc7 Qd4 40. f4 Rd6 41. Rf3 Qf6 42. Kh3 Nxf4+ 43. Kg4 Qf5+ 44. Kg3 Nh5+ 45. Kf2 Qe6 46. Kg1 Rd7 47.
Qb8+ Kg7 48. Kh2 Rd6 49. Qc7 Qe5+ 50. Kh3 Nf4+ 51. Kg4 h5+ 0-1

[Event "MČR 2022 rapid"]
[Site "Turnov, Czech Republic"]
[Date "2022.09.11"]
[Round "2.6"]
[White "Petr, Martin"]
[Black "Borkovec, Milan"]
[Result "1-0"]
[TimeControl "2x 15 min + 5s/move"]
[WhiteElo "2506"]
[BlackElo "2063"]

1. e4 e5 2. f4 exf4 3. Nf3 Nf6 4. e5 Nh5 5. Be2 Be7 6. O-O d6 7. Ne1 f3 8. Bxf3 Nf4 9. exd6 Bxd6 10.
d4 Ng6 11. Nc3 O-O 12. Ne4 Be7 13. c3 Nd7 14. Nd3 Nf6 15. Nxf6+ Bxf6 16. Be3 Re8 17. Bf2 c6 18. Qb3 Qb6 19.
Nc5 Be6 20. Qxb6 axb6 21. Nxb7 Bd5 22.
Bg3 Bxf3 23. Nc5 1-0

[Event "MČR 2022 rapid"]
[Site "Turnov, Czech Republic"]
[Date "2022.09.11"]
[Round "2.7"]
[White "Trepka, Jan"]
[Black "Neuman, Petr"]
[Result "0-1"]
[TimeControl "2x 15 min + 5s/move"]
[WhiteElo "2200"]
[BlackElo "2416"]

1. d4 d6 2. Nf3 Nf6 3. c4 g6 4. Nc3 Bg7 5. e4 O-O 6. h3 Na6 7. Be3 e5 8. d5 Nc5 9. Bd3 Nxd3+ 10. Qxd3 Nh5 11. Qd2 f5 12. exf5 gxf5 13. Bg5 Qe8 14. g3 Bd7 15. O-O-O a6 16. Rhe1 b5 17.
c5 b4 18. Ne2 dxc5 19. d6 Qe6 20.
dxc7 Bc6 21. Nh4 Qxa2 22. Qc2 Be4 23. Qxc5 Qb1+ 24. Kd2 Qxb2+ 25. Ke3 Qb3+ 26. Kd2 f4 27. Rf1 Nf6 28. Rc1 Qb2+ 29. Ke1 Bd3 30. Ng1 Bxf1 31. Kxf1 fxg3 32. Rc2 Qa1+ 33. Kg2 Qd4 34. Nf5 Qe4+ 35. Nf3 Qxf5 36. fxg3 Qxf3+ 37. Kxf3 Nd7+ 38. Ke4 Nxc5+ 39. Rxc5 Rfc8 40. Kd4 0-1

[Event "MČR 2022 rapid"]
[Site "Turnov, Czech Republic"]
[Date "2022.09.11"]
[Round "2.8"]
[White "Klement, Lukáš"]
[Black "Růžička, Aleš"]
[Result "1-0"]
[TimeControl "2x 15 min + 5s/move"]
[WhiteElo "2264"]
[BlackElo "2080"]

1. d4 Nf6 2. c4 c5 3. Nf3 g6 4. Nc3 Bg7 5.
e4 cxd4 6. Nxd4 d6 7. Be2 O-O 8. O-O a6 9. Be3 Bd7 10. Rc1 Nc6 11.
Kh1 Nxd4 12. Bxd4 Bc6 13. f3 Nd7 14. Be3 Qc7 15.
b4 b6 16. Nd5 Bxd5 17. cxd5 Qb7 18. Qd3 Ne5 19. Qa3 Rfc8 20. Rxc8+ Qxc8 21. Rc1 Qb7 22. Qb3 b5 23. Qc2 h5 24.
h3 Rb8 25. Qc7 Nc4 26. Qxb7 Rxb7 27. Bxc4 bxc4 28. Rxc4 a5 29.
bxa5 Rb1+ 30. Kh2 Rb2 31. a6 Rxa2 32. a7 Be5+ 33. Kg1 Ra1+ 34. Kf2 Ra2+ 35. Ke1 Ra1+ 36. Rc1 Bg3+ 37. Kd1 1-0

[Event "MČR 2022 rapid"]
[Site "Turnov, Czech Republic"]
[Date "2022.09.11"]
[Round "3.1"]
[White "Kourousis, Epameinondas"]
[Black "Plát, Vojtěch"]
[Result "0-1"]
[TimeControl "2x 15 min + 5s/move"]
[WhiteElo "2359"]
[BlackElo "2563"]

1. d4 d6 2. Nf3 f5 3.
g3 g6 4. Bg2 Bg7 5. O-O Nf6 6. b4 O-O 7. Bb2 c6 8. a4 a5 9. b5 Ne4 10. c4 Be6 11. Nfd2 d5 12. cxd5 cxd5 13. Qb3 Bf7 14. Nf3 Nd7 15. Rd1 Rc8 16. Nbd2 Qb6 17. e3 e5 18. Nxe5 Nxe5 19. dxe5 Rfe8 20. Bd4 Qc7 21. b6 Qc2 22. Ra2 Qc6 23. f4 Bf8 24. Bf1 Red8 25. Qb5 Nc3 26. Qxc6 Rxc6 27. Bxc3 Rxc3 28. Nf3 Bc5 29. Ng5 Bxb6 30. Bg2 Bxe3+ 31. Kf1 d4 32. Nxf7 Kxf7 33. Bxb7 d3 34.
Ba6 Ke7 35. Rb2 g5 36. Rb7+ Ke6 37. fxg5 Kxe5 38. Rb5+ Ke4 39. Bb7+ Kd4 40. Rxa5 Rc2 41. Rxf5 Rxh2 42. Bg2 Kc3 43. Rf3 Bxg5 44. a5 Rh6 45. Kf2 Kc2 46. Ra1 d2 47. Rfa3 d1=N 48. Rxd1 Rxd1 49. a6 Rd2 50. Kg1 Be7 51. a7 Bc5+ 52. Kf1 Rf2+ 53. Ke1 Re6+ 54. Re3 Rxe3+ 55. Kxf2 Bxa7 0-1

[Event "MČR 2022 rapid"]
[Site "Turnov, Czech Republic"]
[Date "2022.09.11"]
[Round "3.2"]
[White "Jansa, Vlastimil"]
[Black "Hrabuša, Matej"]
[Result "0-1"]
[TimeControl "2x 15 min + 5s/move"]
[WhiteElo "2452"]
[BlackElo "2274"]

1. e4 c5 2. Nf3 d6 3. d4 cxd4 4. Nxd4 Nf6 5. Nc3 a6 6. Bd3 g6 7. O-O Bg7 8. Re1 O-O 9. Bf1 Nc6 10. Nb3 b5 11. a4 b4 12. Nd5 Nxd5 13. exd5 Ne5 14. a5 Qc7 15. f4 Ng4 16. Qe2 Qa7+ 17. Be3 Nxe3 18. Qxe3 Bxb2 19. Rad1 Bc3 20. Qxa7 Rxa7 21.
Re3 Bf5 22. Nd4 Bxd4 23. Rxd4 Rc8 24. Rxb4 Rxc2 25. Rb6 Ra2 26. Bxa6 Rxa5 27. Bc4 Rc5 28. Bb3 Kg7 29. Kf2 h5 30.
Rb8 Kf6 31. Rb6 Bc2 32. Rc6 Rxc6 33. dxc6 Bxb3 34. Rxb3 Rc7 35. Rb6 Ke6 36. Ke3 Kd5 37. f5 gxf5 38. Kf4 Rxc6 39. Rb7 Ke6 40. Kg5 Rc2 41. g3 Ke5 0-1

[Event "MČR 2022 rapid"]
[Site "Turnov, Czech Republic"]
[Date "2022.09.11"]
[Round "3.3"]
[White "Rous, Daniel"]
[Black "Červený, Martin"]
[Result "0-1"]
[TimeControl "2x 15 min + 5s/move"]
[WhiteElo "2227"]
[BlackElo "2413"]

1. Nf3 Nf6 2. d4 d5 3. c4 c6 4. Nc3 a6 5. c5 Nbd7 6. Bf4 Nh5 7. Bg3 Nxg3 8. hxg3 g6 9. e3 Bg7 10. Qc2 e5 11. Be2 Qe7 12. b4 O-O 13. O-O h5 14. Nxe5 Nxe5 15. dxe5 Bxe5 16. Rac1 h4 17. g4 Bc7 18.
Qd2 Re8 19. Nd1 Bd7 20. a3 Rad8 21.
f4 d4 22. Qxd4 Bxg4 23. Qc4 Bf5 24. Rc3 Qf6 25. Qb3 Rd2 26. Bd3 Be6 27. Bc4 Bxc4 28. Qxc4 h3 29. Nf2 hxg2 30. Kxg2 Qh4 31. Rd3 Re2 32. Kf3 Qh5+ 33. Ng4 Rh2 34. Rg1 Qh3+ 35.
Rg3 Qf1+ 36. Nf2 Rxf2+ 37. Kg4 Qe2+ 38. Kg5 Qh5+ 0-1

[Event "MČR 2022 rapid"]
[Site "Turnov, Czech Republic"]
[Date "2022.09.11"]
[Round "3.4"]
[White "Baláček, Tadeáš"]
[Black "Přibyl, Josef"]
[Result "1-0"]
[TimeControl "2x 15 min + 5s/move"]
[WhiteElo "2247"]
[BlackElo "2179"]

1. d4 Nf6 2. c4 g6 3. Nc3 d5 4. cxd5 Nxd5 5. e4 Nxc3 6. bxc3 Bg7 7. Nf3 b6 8.
Bb5+ c6 9. Be2 O-O 10. O-O c5 11.
Rb1 Bb7 12. d5 Bxc3 13. Bg5 Bg7 14. Qd2 Nd7 15. Rfe1 Nf6 16. Bc4 Kh8 17. Qf4 Ng8 18. Qh4 f6 19.
Bd2 Bc8 20. Bc3 a6 21. a4 Bd7 22.
e5 Bf5 23. Rb2 g5 24. Qg3 b5 25. axb5 axb5 26. Rxb5 Ra4 27. Rxc5 Qa8 28. exf6 exf6 29. Nd4 Rc8 30. Nc6 Bd7 31. Qd6 Qb7 32. h3 Re8 33. Rxe8 Bxe8 34. Bb5 Ra8 35. Bd4 Qf7 36. Nd8 Qf8 37. Qc7 h6 38.
Ne6 Qf7 39. Bxe8 Rxe8 40. Qxf7 1-0

[Event "MČR 2022 rapid"]
[Site "Turnov, Czech Republic"]
[Date "2022.09.11"]
[Round "3.5"]
[White "Štoček, Jiří"]
[Black "Čech, Pavel"]
[Result "1-0"]
[TimeControl "2x 15 min + 5s/move"]
[WhiteElo "2521"]
[BlackElo "2392"]

1. d4 d5 2. c4 c6 3. Nf3 Nf6 4. Nc3 dxc4 5. e4 b5 6. Be2 e6 7. O-O Be7 8. a4 b4 9. e5 Nd5 10. Ne4 Ba6 11. Bd2 O-O 12. Rc1 c3 13. bxc3 Bxe2 14. Qxe2 bxc3 15. Bxc3 Nd7 16. Bd2 Rc8 17. Rc2 Qb6 18. Rfc1 a5 19. Nc5 Nxc5 20. dxc5 Qb3 21. Rc4 Nb4 22. Bxb4 axb4 23. Qc2 Qxc2 24. R1xc2 Rfd8 25. g3 b3 26. Rb2 Rd3 27. Kg2 h5 28.
Nd4 Bxc5 29. Nxb3 Ba3 30. Rb1 Rb8 31. Nd2 Rxb1 32. Nxb1 Bb2 33. a5 Rd1 34. a6 Rxb1 35. Ra4 Bd4 36. Rxd4 Ra1 37. Rd8+ Kh7 38. Rd7 Kg6 39. a7 c5 40.
Kf3 c4 41. Ke3 c3 42. Kd3 Ra3 43. f4 f6 44. h4 fxe5 45. fxe5 Kf5 46. Rxg7 Kxe5 47. Rg5+ Kf6 48. Rxh5 Rxa7 49. g4 Rc7 50. Kc2 Rc4 51. Rh6+ Kg7 52. g5 e5 53. h5 e4 54. Rg6+ Kh7 55. Rh6+ Kg7 56. Re6 Rc5 57. h6+ Kh7 58. Re7+ Kg8 59. g6 Rc8 60. Rxe4 Kf8 61. Rf4+ Kg8 62. Rf3 Rc6 63. h7+ 1-0

[Event "MČR 2022 rapid"]
[Site "Turnov, Czech Republic"]
[Date "2022.09.11"]
[Round "3.6"]
[White "Sodoma, Jan"]
[Black "Petr, Martin"]
[Result "1-0"]
[TimeControl "2x 15 min + 5s/move"]
[WhiteElo "2325"]
[BlackElo "2506"]

1. Nf3 Nf6 2. g3 g6 3. b3 Bg7 4. Bb2 O-O 5. Bg2 d5 6. c4 c5 7. cxd5 Nxd5 8. Bxg7 Kxg7 9.
Qc1 b6 10. d4 Na6 11. Qb2 Kg8 12. O-O Bb7 13. Rd1 Qc7 14. Na3 Rad8 15. Rac1 Qb8 16. Nc4 Nf6 17. a3 Bxf3 18. Bxf3 cxd4 19. Rxd4 Rxd4 20. Qxd4 Nc5 21. Qe3 Ne6 22. Ne5 Qd6 23. Rc6 Qd1+ 24. Kg2 Nd4 25.
Rc1 Qxb3 26. Qxd4 Qxa3 27. Ra1 Qd6 28. Qxd6 exd6 29. Nc6 a5 30. Rb1 Nd7 31. Rd1 Nc5 32. Rxd6 Kg7 33. Ne5 Rb8 34. Nc4 b5 35.
Nxa5 b4 36. Rd2 b3 37. Nc4 Rb5 38.
Nb2 Ra5 39. Bc6 Ra2 40. Kf3 Ra1 41.
Ke3 Rc1 42. Bd5 Kf6 43. Nd3 Rc3 44.
Kd4 Na4 45. e4 Ke7 46. f4 f6 47. e5 fxe5+ 48. fxe5 g5 49.
g4 h6 50. h3 Kd7 51. Nb4 Ke7 52.
Bc6 b2 53. Rxb2 Nxb2 54. Kxc3 Nd1+ 55. Kd4 Nf2 56. Bg2 1-0

[Event "MČR 2022 rapid"]
[Site "Turnov, Czech Republic"]
[Date "2022.09.11"]
[Round "3.8"]
[White "Maršálek, Zdenek"]
[Black "Klement, Lukáš"]
[Result "1/2-1/2"]
[TimeControl "2x 15 min + 5s/move"]
[WhiteElo "2217"]
[BlackElo "2264"]

1. d4 Nf6 2. Nf3 e6 3. g3 b5 4.
e4 Nxe4 5. Bxb5 Bb7 6. O-O Be7 7. Re1 O-O 8. Bd3 Nf6 9. c4 c5 10. Nc3 cxd4 11. Nxd4 Nc6 12. Nxc6 Bxc6 13. Bf4 Qb6 14. Qe2 d5 15. cxd5 Nxd5 16. Nxd5 Bxd5 17. b3 Rac8 18. Be4 Rfd8 19. Be3 Bc5 20.
Bxd5 Rxd5 21. Rac1 Rcd8
1/2-1/2

[Event "MČR 2022 rapid"]
[Site "Turnov, Czech Republic"]
[Date "2022.09.11"]
[Round "4.1"]
[White "Plát, Vojtěch"]
[Black "Štoček, Jiří"]
[Result "1/2-1/2"]
[TimeControl "2x 15 min + 5s/move"]
[WhiteElo "2563"]
[BlackElo "2521"]

1. e4 c5 2. Nf3 d6 3. c3 Nf6 4.
Bc4 Nc6 5. Qe2 Bg4 6. h3 Bh5 7. d3 e6 8. Bf4 a6 9. Bb3 d5 10. Nbd2 Be7 11. g4 Bg6 12. h4 h5 13. g5 Ng4 14. Bg3 O-O 15. O-O Bd6 16.
e5 Bc7 17. Rfe1 b5 18. Rad1 Rc8 19. Nf1 Re8 20. Bf4 Qe7 21. Ng3 c4 22. Bc2 cxd3 23. Bxd3 Bb6 24. Rf1 Red8 25. Kg2 Qb7 26. Bxg6 fxg6 27. Nd4 Qf7 28. Nxc6 Rxc6 29. Be3 Bxe3 30.
fxe3 Qe8 31. e4 Nxe5 32. Rfe1 Rcd6 33.
Rd4 Qc6 34. Kh3 Qd7 35. Kg2 Qc6 36.
Kh3 Qd7 37. Kg2 1/2-1/2

[Event "MČR 2022 rapid"]
[Site "Turnov, Czech Republic"]
[Date "2022.09.11"]
[Round "4.2"]
[White "Petr, Martin"]
[Black "Červený, Martin"]
[Result "1/2-1/2"]
[TimeControl "2x 15 min + 5s/move"]
[WhiteElo "2506"]
[BlackElo "2413"]

1. Nf3 d5 2. g3 Nf6 3.
Bg2 g6 4. c4 dxc4 5. Qa4+ c6 6.
Qxc4 Bg7 7. O-O O-O 8. d3 a5 9. Qc2 Na6 10. a3 h6 11. Nc3 Be6 12. Na4 Nd7 13. Be3 b5 14. Nc3 b4 15.
Ne4 bxa3 16. Rxa3 Nb4 17. Qd2 g5 18. Nd4 Bd5 19. Nf5 Bxe4 20. Bxe4 Nf6 21. Bf3 Nfd5 22. Bc5 Na6 23. Bxd5 Nxc5 24.
Bxc6 Rc8 25. Bf3 a4 26. Nxg7 Kxg7 27. Qc3+ Kg8 28. Qe5 Qb6 29. Bd5 e6 30. Bc4 Rb8 31. Ra2 Nd7 32. Qc3 Qc6 33. Rfa1 Nb6 34. Qf6 Kh7 35. Rc1 Qd6 36. d4 Nxc4 37.
Rxc4 a3 38. Rxa3 Rxb2 39. Rf3 Rxe2 40.
h3 Ra2 41. Rc8 Rxc8 42. Qxf7+ Kh8 43. Qf6+ Kh7 44. Qf7+ Kh8 45. Qf6+ Kg8 46. Qg6+ Kh8 47. Qf7 Qf8 48. Rf6 Qd6 49. Kh2 Rc1 1/2-1/2

[Event "MČR 2022 rapid"]
[Site "Turnov, Czech Republic"]
[Date "2022.09.11"]
[Round "4.3"]
[White "Baláček, Tadeáš"]
[Black "Neuman, Petr"]
[Result "0-1"]
[TimeControl "2x 15 min + 5s/move"]
[WhiteElo "2247"]
[BlackElo "2416"]

1. d4 d5 2. c4 c6 3.
Nf3 Nf6 4. g3 g6 5. Bg2 Bg7 6. O-O O-O 7. b3 dxc4 8. bxc4 c5 9. Bb2 Qb6 10. Qb3 Ne4 11.
Ne5 Nd6 12. d5 Nd7 13. Nd3 Bxb2 14. Nxb2 Qb4 15. Rc1 b6 16. Qxb4 cxb4 17. Nd3 a5 18. c5 bxc5 19. Nxc5 Nxc5 20. Rxc5 Ba6 21. Nd2 Bxe2 22. Re1 Bb5 23. Rxe7 Rfc8 24. Rcc7 a4 25. Ne4 b3 26. axb3 axb3 27. Nxd6 Rxc7 28. Rxc7 Ra1+ 29. Bf1 Bxf1 30. Rc8+ Kg7 31. Ne8+ Kh6 32. h4 Bh3+ 0-1